AoeStats
← asasa137

Golden Pit

508939689Analyzed
1v1 RM · 6d ago on Sep 24, 2026· 31m 50s· 2 players
Game mode
Random Map
Map size
Tiny (2 player)
Population
200
Speed
Normal
Resources
Standard
Victory
Conquest
Starting age
Dark Age
Ending age
Imperial Age
RankedLock teamsTeams togetherTeam positionsShared explorationLock speedFull tech treeHidden civsTurbo modeCheats
Victory
Defeat
🇧🇪 Wei · Belgium
964
+18
🇨🇴 Turks · Colombia
999
-18
Reibud
10:38 Feudal Age
12:06 Bloodlines
12:48 Wheelbarrow
12:10 Loom
14:05 Scale Barding Armor
14:39 Bloodlines
18:47 Fletching
20:11 Double-Bit Axe
25:27 Castle Age
25:16 Town Watch
29:57 Wheelbarrow
asasa137
5:12 Loom
10:15 Feudal Age
12:01 Man-at-Arms
13:58 Arson
14:41 Double-Bit Axe
22:45 Castle Age
20:56 Horse Collar
25:49 Husbandry
26:37 Bow Saw
32:33 Ballistics
Connection lost

Rejoining the realm…

Still unreachable

The connection could not be restored.

Session expired

The server has moved on; the page needs a fresh start.